 Dungeon Crawl Stone Soup version 0.30-a0-269-gf0224bf7b6 (webtiles) character file.

Game seed: 314736744209519323

1604 sleeves the Skirmisher (level 8, 0/53 (54) HPs)
             Began as a Demigod Hunter on Oct 15, 2022.
             Slain by a wight
             ... wielding a +4 falchion
              (3 damage)
             ... on level 7 of the Dungeon.
             The game lasted 00:12:16 (5842 turns).

sleeves the Skirmisher (Demigod Hunter)             Turns: 5842, Time: 00:12:17

HP:   0/53 (54)     AC:  4    Str: 11    XL:     8   Next: 36%
MP:   10/11         EV: 12    Int: 10    God:
Gold: 407           SH:  0    Dex: 29    Spells: 7/7 levels left

rFire   . . .      SeeInvis .    a - +0 shortbow
rCold   . . .      Faith    .    (shield currently unavailable)
rNeg    . . .      Spirit   .    c - +0 leather armour
rPois   .          Reflect  .    q - +0 helmet
rElec   .          Harm     .    (no cloak)
rCorr   +          Rampage  .    (no gloves)
Will    .....                    (no boots)
Stlth   +.........               (no amulet)
HPRegen 0.28/turn                t - ring of resist corrosion
MPRegen 0.12/turn                (no ring)

@: silenced, lightly drained
A: high MP 2, forlorn, divine attributes, agile 1, frail 1, MP-powered wands
a: no special abilities


You were on level 7 of the Dungeon.
You visited 1 branch of the dungeon, and saw 7 of its levels.
You also visited: Sewer.

You collected 407 gold pieces.

Inventory:

Hand Weapons
 a - a +0 shortbow (weapon)
 b - a +4 dagger of electrocution
   (You took it off Jessica on level 3 of the Dungeon)
 r - a +2 vorpal falchion
   (You took it off Robin on level 3 of the Dungeon)
 A - a +3 falchion of protection
   (You took it off an orc on level 5 of the Dungeon)
Missiles
 D - a curare-tipped dart
Armour
 c - a +0 leather armour (worn)
 q - a +0 helmet (worn)
   (You took it off Robin on level 3 of the Dungeon)
Jewellery
 t - a ring of resist corrosion (left hand)
   (You found it on level 3 of the Dungeon)
Scrolls
 e - 6 scrolls of identify {unknown}
 f - a scroll of amnesia {unknown}
 g - 2 scrolls of magic mapping
 j - 7 scrolls of teleportation {unknown}
 m - a scroll of poison {unknown}
 n - a scroll of silence
 o - 3 scrolls of torment {unknown}
 p - a scroll of enchant armour {unknown}
 s - a scroll of immolation
 w - a scroll of vulnerability {unknown}
 y - a scroll of enchant weapon {unknown}
 C - a scroll of noise
 E - a scroll of brand weapon {unknown}
 F - a scroll of fear {unknown}
Potions
 d - 6 potions of curing
 h - a potion of invisibility {unknown}
 i - 5 potions of mutation
 k - 2 potions of degeneration {unknown}
 u - 3 potions of flight
 v - 2 potions of brilliance {unknown}
 x - a potion of lignification {unknown}
 z - a potion of ambrosia {unknown}
 B - a potion of might {unknown}


   Skills:
 - Level 1.7 Fighting
 + Level 0.7 Long Blades
 - Level 10.6 Ranged Weapons
 - Level 1.7 Dodging
 - Level 0.8 Stealth


You had 7 spell levels left.
You didn't know any spells.
Your spell library contained the following spells:

 Spells                   Type           Power      Damage    Failure   Level
 Kiss of Death            Conj/Necr      0%         2d5       45%         1
 Sting                    Tmut/Pois      0%         1d3       45%         1
 Ensorcelled Hibernation  Hex/Ice        0%         N/A       58%         2
 Poisonous Vapours        Pois/Air       0%         N/A       58%         2
 Call Canine Familiar     Summ           0%         N/A       83%         3
 Confusing Touch          Hex            0%         N/A       83%         3
 Hailstorm                Conj/Ice       0%         3d3       83%         3
 Inner Flame              Hex/Fire       0%         N/A       83%         3
 Portal Projectile        Hex/Tloc       0%         N/A       83%         3
 Spider Form              Tmut/Pois      0%         N/A       83%         3
 Anguish                  Hex/Necr       0%         N/A       99%         4
 Cause Fear               Hex            0%         N/A       99%         4
 Dispel Undead            Necr           0%         3d6       99%         4
 Ice Form                 Ice/Tmut       0%         N/A       99%         4
 Leda's Liquefaction      Hex/Erth       0%         N/A       99%         4
 Olgreb's Toxic Radiance  Pois           0%         N/A       99%         4
 Simulacrum               Ice/Necr       0%         N/A       100%        6
 Discord                  Hex            0%         N/A       100%        8


Dungeon Overview and Level Annotations

Branches:
Dungeon (7/15)             Temple (0/1) D:5           Sewer (visited)

Annotations:
D:1 1 runed translucent door
D:5 Pikel


Innate Abilities, Weirdness & Mutations

You have a considerably increased reservoir of magic. (+20% MP)
You shall have no god before yourself.
Your divine heritage dramatically boosts your attributes as you level up.
You are agile. (Dex +4, Str/Int -1)
You are frail. (-10% HP)
You expend magic power (3 MP) to strengthen your wands.


Message History

You hit the phantom.
The phantom is lightly damaged.
The phantom hits you but does no damage.
You closely miss the phantom.
The phantom is lightly damaged.
The phantom closely misses you.
You hit the phantom. Lightning courses through the phantom!
The phantom is heavily damaged.
The phantom hits you but does no damage.
You hit the phantom.
The phantom is heavily damaged.
The phantom closely misses you.
You hit the phantom.
The phantom is severely damaged.
The phantom barely misses you.
You hit the phantom.
The phantom is almost destroyed.
The phantom closely misses you.
You closely miss the phantom.
The phantom is almost destroyed.
The phantom closely misses you.
You miss the phantom.
The phantom is almost destroyed.
The phantom closely misses you.
You barely miss the phantom.
The phantom is almost destroyed.
The phantom misses you.
You hit the phantom.
You destroy the phantom!
Your Ranged Weapons skill increases to level 8!
No target in view!
No target in view!
No target in view!
No target in view!
No target in view!
No target in view!
No target in view!
No target in view!
Your +4 dagger of electrocution stops crackling.
a - a +0 shortbow (weapon)
There is an open door here.
You open the door.
There is an open door here.
Found a dagger and a barding.
A sky beast comes into view.
A sky beast is nearby!
You shoot an arrow. The arrow hits the sky beast.
The sky beast is moderately wounded.
You shoot an arrow. The arrow closely misses the sky beast.
You shoot an arrow. The arrow hits the sky beast!
The sky beast is heavily wounded.
You shoot an arrow. The arrow misses the sky beast.
You shoot an arrow. The arrow misses the sky beast.
The sky beast flickers out of sight!
Deactivating autopickup; reactivate with Ctrl-A.
You hear the crackle of electricity.
b - a +4 dagger of electrocution (weapon)
No target in view!
Your +4 dagger of electrocution stops crackling.
a - a +0 shortbow (weapon)
Something hits you. Something shocks you.
Fire: a) +0 shortbow
Press: ? - help, Q - select action Shift-Dir - straight line, f - you Really target yourself?
Okay, then.
Fire: a) +0 shortbow
Press: ? - help, Q - select action Shift-Dir - straight line You shoot an arrow.
Something hits you. Something shocks you.
Fire: a) +0 shortbow
Press: ? - help, Q - select action Shift-Dir - straight line, f - you Really target yourself? [Y]es or [N]o only, please.
Really target yourself?
Okay, then.
Fire: a) +0 shortbow
Press: ? - help, Q - select action Shift-Dir - straight line You shoot an arrow.
Something hits you but does no damage.
You aren't carrying any items that you can evoke.
Okay, then.
Fire: a) +0 shortbow
Press: ? - help, Q - select action Shift-Dir - straight line You shoot an arrow.
Something hits you but does no damage.
Fire: a) +0 shortbow
Press: ? - help, Q - select action Shift-Dir - straight line You shoot an arrow.
Something hits you but does no damage.
Fire: a) +0 shortbow
Press: ? - help, Q - select action Shift-Dir - straight line You shoot an arrow.
Something hits you but does no damage. Something hits you.
Something shocks you.
Fire: a) +0 shortbow
Press: ? - help, Q - select action Shift-Dir - straight line You shoot an arrow.
Something hits you. Something shocks you.
* * * LOW HITPOINT WARNING * * *
Fire: a) +0 shortbow
Press: ? - help, Q - select action Shift-Dir - straight line You shoot an arrow.
Something hits you but does no damage.
Fire: a) +0 shortbow
Press: ? - help, Q - select action Shift-Dir - straight line You shoot an arrow.
Something hits you.
* * * LOW HITPOINT WARNING * * *
Something shocks you.
* * * LOW HITPOINT WARNING * * *
You feel much better. Something hits you. Something shocks you.
Fire: a) +0 shortbow
Press: ? - help, Q - select action Shift-Dir - straight line You shoot an arrow.
Something hits you but does no damage.
Fire: a) +0 shortbow
Press: ? - help, Q - select action Shift-Dir - straight line You shoot an arrow.
Something hits you. Something shocks you.
* * * LOW HITPOINT WARNING * * *
Fire: a) +0 shortbow
Press: ? - help, Q - select action Shift-Dir - straight line You shoot an arrow.
Reactivating autopickup.
You feel a bit more experienced.
You have reached level 7!
HP restored.
You see here a +0 dagger.
z - a black potion A hound comes into view.
A hound is nearby!
A hound is nearby!
You shoot an arrow. The arrow hits the hound!
The hound barks!
The hound is heavily wounded.
You shoot an arrow. The arrow hits the hound!
You kill the hound!
No target in view!
Found 5 stones.
No target in view!
Found an executioner's axe.
A shadow imp comes into view.
A shadow imp is nearby!
You shoot an arrow. The arrow hits the shadow imp.
The shadow imp is moderately wounded.
You shoot an arrow. The arrow hits the shadow imp!
You kill the shadow imp!
No target in view!
Found a staircase to the Ecumenical Temple.
You see here a +0 executioner's axe.
An orc comes into view.
It is wielding a +3 falchion of protection.
You shoot an arrow. The arrow hits the orc.
The orc shouts!
The orc is heavily wounded.
You shoot an arrow. The arrow hits the orc!
You kill the orc!
Okay, then.
Things that are here:
a +3 falchion of protection; an orc corpse
A - a +3 falchion of protection
Found a hand axe.
You see here a +0 hand axe.
B - a sapphire potion You open the door.
There is an open door here.
You open the door.
A lemure comes into view.
You shoot an arrow. The arrow hits the lemure!
The lemure shouts!
The lemure is moderately wounded.
You hear a shout! x3
There is an open door here.
You hear a zap.
You hear a grinding noise.
You shoot an arrow. The arrow hits the lemure.
The lemure is moderately wounded.
You shoot an arrow. The arrow closely misses the lemure.
You are already wielding that!
Unknown command.
You hear the crackle of electricity.
b - a +4 dagger of electrocution (weapon)
You hit the lemure. Lightning courses through the lemure!
The lemure is severely wounded.
The lemure hits you.
You hit the lemure but do no damage.
The lemure is severely wounded.
The lemure hits you.
You barely miss the lemure.
The lemure is severely wounded.
The lemure hits you.
You hit the lemure but do no damage.
The lemure is severely wounded.
The lemure hits you.
You hit the lemure but do no damage.
The lemure is severely wounded.
The lemure hits you.
You hit the lemure.
The lemure is almost dead.
The lemure hits you.
You hit the lemure.
The lemure is almost dead.
The lemure hits you.
You closely miss the lemure.
The lemure is almost dead.
The lemure hits you.
You are too injured to fight recklessly!
You are too injured to fight recklessly!
You are too injured to fight recklessly!
You hit the lemure but do no damage.
The lemure is almost dead.
The lemure hits you!
* * * LOW HITPOINT WARNING * * *
You hit the lemure.
The lemure is almost dead.
The lemure hits you.
* * * LOW HITPOINT WARNING * * *
You hit the lemure but do no damage. Lightning courses through the lemure!
You kill the lemure!
That felt strangely unrewarding.
You start resting.
HP restored.
Your +4 dagger of electrocution stops crackling.
a - a +0 shortbow (weapon)
Pikel, Merchant of Souls comes into view.
He is wielding a +0 whip of electrocution and carrying a wand of digging (4).
Found a scroll labelled NIDAFA FECHO.
Pikel shouts!
Pikel zaps a wand.
Some rock shatters into small pieces.
Pikel is nearby!
You hear a zap.
You hear a grinding noise.
There is an open door here.
You hear a zap.
You hear a grinding noise.
You hear a zap.
You hear a grinding noise.
There is an open door here.
Fire: a) +0 shortbow
Press: ? - help, Q - select action Shift-Dir - straight line, f - Pikel
Aim: Pikel, wielding a +0 whip of electrocution and wearing a +0 robe (62% to hit)
You shoot an arrow. The arrow hits Pikel.
Pikel is lightly wounded.
There is an open door here.
Fire: a) +0 shortbow
Press: ? - help, Q - select action Shift-Dir - straight line, f/p - Pikel
Aim: Pikel, wielding a +0 whip of electrocution and wearing a +0 robe (lightly wounded, 62% to hit)
You shoot an arrow. The arrow hits Pikel!
Pikel is moderately wounded.
Fire: a) +0 shortbow
Press: ? - help, Q - select action Shift-Dir - straight line, f/p - Pikel
Aim: Pikel, wielding a +0 whip of electrocution and wearing a +0 robe (moderately wounded, 62% to hit)
You shoot an arrow. The arrow closely misses Pikel.
Fire: a) +0 shortbow
Press: ? - help, Q - select action Shift-Dir - straight line, f/p - Pikel
Aim: Pikel, wielding a +0 whip of electrocution and wearing a +0 robe (moderately wounded, 62% to hit)
You shoot an arrow. The arrow hits Pikel.
Pikel is moderately wounded.
Pikel says, "You'll feel the lick of my whip!"
Pikel says, "Don't tell anyone, but I think Ereshkigal likes me."
There is an open door here.
Fire: a) +0 shortbow
Press: ? - help, Q - select action Shift-Dir - straight line, f/p - Pikel
Aim: Pikel, wielding a +0 whip of electrocution and wearing a +0 robe (moderately wounded, 62% to hit)
You shoot an arrow. The arrow closely misses Pikel.
Pikel says, "You'll make a fine lemure."
There is an open door here.
There is a stone staircase leading up here.
Fire: a) +0 shortbow
Press: ? - help, Q - select action Shift-Dir - straight line, f/p - Pikel
Aim: Pikel, wielding a +0 whip of electrocution and wearing a +0 robe (lightly wounded, 62% to hit)
You shoot an arrow. The arrow hits Pikel!
Pikel is heavily wounded.
You climb upwards.
There is a stone staircase leading down here.
There is a stone staircase leading down here.
You climb downwards.
Level annotation: Pikel
Found 10 gold pieces.
There is a stone staircase leading up here.
You now have 304 gold pieces (gained 10).
Found an escape hatch in the floor.
C - a scroll labelled OCKUBL ABEIHOT An orc comes into view.
It is wielding a +0 trident.
The orc shouts!
The orc moves out of view.
You see here 16 gold pieces.
An orc is nearby!
An orc is nearby!
You shoot an arrow. The arrow hits the orc!
You kill the orc!
You now have 320 gold pieces (gained 16).
Found a stone staircase leading down.
An orc comes into view. It is wielding a +0 dagger.
An orc is nearby!
You shoot an arrow. The arrow hits the orc!
You kill the orc!
You hear a shout!
An orc comes into view. It is wielding a +0 dagger.
You shoot an arrow. The arrow hits the orc!
You kill the orc!
Found an escape hatch in the ceiling.
An orc comes into view. It is wielding a +0 club.
Found 11 gold pieces.
The orc shouts!
You shoot an arrow. The arrow hits the orc!
You kill the orc!
Things that are here:
a +0 dagger; an orc corpse You now have 331 gold pieces (gained 11).
You see here a +0 club.
Things that are here:
a +0 dagger; a +0 ring mail
Found a whip.
You open the door.
A scorpion comes into view.
You shoot an arrow.
The arrow completely misses the scorpion.
You shoot an arrow. The arrow closely misses the scorpion.
You shoot an arrow. The arrow hits the scorpion!
The scorpion is heavily wounded.
You shoot an arrow. The arrow hits the scorpion!
You kill the scorpion!
No target in view!
There is an open door here.
You see here a scorpion corpse.
There is an open door here.
n - 2 scrolls labelled NIDAFA FECHO (gained 1)
Found a hand axe.
Found a stone staircase leading down.
Found a trident.
Found a stone staircase leading up.
There is a stone staircase leading up here.
You now have 336 gold pieces (gained 5).
You now have 348 gold pieces (gained 12).
You open the door.
There is an open door here.
Found 5 poisoned darts.
Done exploring.
Done exploring.
Done exploring.
(D) Dungeon (T) Temple
Where to? (Enter - D:4 @ (x,y), ? - help)
There is a stone staircase leading down here.
You climb downwards.
Found 13 gold pieces.
There is a stone staircase leading up here.
You now have 361 gold pieces (gained 13).
A bullfrog comes into view.
A bullfrog is nearby!
A bullfrog is nearby!
You shoot an arrow. The arrow closely misses the bullfrog.
The bullfrog croaks.
You shoot an arrow. The arrow hits the bullfrog!
The bullfrog is heavily wounded.
You shoot an arrow. The arrow barely misses the bullfrog.
You shoot an arrow. The arrow hits the bullfrog.
The bullfrog is severely wounded.
You shoot an arrow. The arrow barely misses the bullfrog.
The bullfrog hits you but does no damage.
The bullfrog closely misses you.
Fire: a) +0 shortbow
Press: ? - help, Q - select action Shift-Dir - straight line, f/p - bullfrog
Aim: a bullfrog (severely wounded, 62% to hit)
You shoot an arrow. The arrow hits the bullfrog.
The bullfrog is almost dead.
The bullfrog hits you but does no damage.
Fire: a) +0 shortbow
Press: ? - help, Q - select action Shift-Dir - straight line, f/p - bullfrog
Aim: a bullfrog (almost dead, 62% to hit)
You shoot an arrow. The arrow hits the bullfrog!
You kill the bullfrog!
d - 6 potions of curing (gained 1)
You now have 374 gold pieces (gained 13).
Found a stormy altar of Qazlal.
Found a scale mail.
A phantom comes into view.
You shoot an arrow. The arrow hits the phantom.
The phantom is lightly damaged.
You shoot an arrow. The arrow hits the phantom.
The phantom is lightly damaged.
You shoot an arrow. The arrow hits the phantom.
The phantom is moderately damaged.
You shoot an arrow. The arrow barely misses the phantom.
You hear the crackle of electricity.
b - a +4 dagger of electrocution (weapon)
You hit the phantom. Lightning courses through the phantom!
The phantom is almost destroyed.
The phantom hits you.
The phantom blinks!
You blink.
You barely miss the phantom.
The phantom is almost destroyed.
The phantom hits you but does no damage.
You closely miss the phantom.
The phantom is almost destroyed.
The phantom hits you but does no damage.
You hit the phantom.
You destroy the phantom!
Your Ranged Weapons skill increases to level 9!
No target in view!
Your +4 dagger of electrocution stops crackling.
a - a +0 shortbow (weapon)
You open the door.
Found a stone staircase leading up.
There is an open door here.
You open the door.
There is an open door here.
Found a helmet.
An iguana comes into view.
The iguana hisses angrily.
You shoot an arrow.
The arrow hits the iguana but does no damage.
You shoot an arrow. The arrow completely misses the iguana.
You hear the crackle of electricity.
b - a +4 dagger of electrocution (weapon)
You barely miss the iguana. The iguana misses you.
You hit the iguana but do no damage. The iguana misses you.
You closely miss the iguana. The iguana bites you!
You hit the iguana. Lightning courses through the iguana!
The iguana is severely wounded.
The iguana misses you.
You puncture the iguana!
You kill the iguana!
No target in view!
No target in view!
No target in view!
No target in view!
No target in view!
No target in view!
No target in view!
No target in view!
No target in view!
No target in view!
No target in view!
No target in view!
No target in view!
HP restored.
You open the door.
Found a leather armour.
There is an open door here.
Your +4 dagger of electrocution stops crackling.
a - a +0 shortbow (weapon)
You open the door.
There is an open door here.
You now have 379 gold pieces (gained 5).
Found an escape hatch in the floor.
Found an escape hatch in the ceiling.
Found a stone staircase leading up.
There is an escape hatch in the ceiling here.
Found 2 stones.
A bullfrog comes into view.
A bullfrog is nearby!
You shoot an arrow. The arrow hits the bullfrog.
The bullfrog gives a loud, deep croak!
The bullfrog is moderately wounded.
You shoot an arrow. The arrow hits the bullfrog!
The bullfrog is severely wounded.
You shoot an arrow. The arrow hits the bullfrog!
You kill the bullfrog!
C - 2 scrolls labelled OCKUBL ABEIHOT (gained 1)
You open the door. 2 kobolds come into view.
The kobold shouts! x2
A kobold comes into view. It is wielding a +0 whip.
The kobold shouts!
There are monsters nearby!
There are monsters nearby!
You shoot an arrow.
The arrow hits the kobold but does no damage.
A kobold comes into view.
It is wielding a +1 whip of electrocution.
A kobold comes into view. It is wielding a +0 dagger.
The kobold throws a stone.
The stone barely misses you.
You shoot an arrow. The arrow barely misses the kobold.
The kobold shouts!
You hear a shout!
A kobold comes into view. It is wielding a +0 club.
You shoot an arrow. The kobold shouts!
The arrow hits the kobold!
You kill the kobold!
A kobold brigand comes into view.
It is wielding a +0 short sword and quivering curare-tipped darts.
You shoot an arrow. The arrow barely misses the kobold.
The arrow hits the kobold.
You kill the kobold!
You shoot an arrow. The arrow hits the kobold.
You kill the kobold!
The kobold throws a stone.
The stone hits you.
You shoot an arrow.
The arrow hits the kobold but does no damage.
You shoot an arrow. The arrow hits the kobold.
You kill the kobold!
You shoot an arrow. The arrow misses the kobold.
The arrow closely misses the kobold brigand.
You shoot an arrow.
The arrow hits the kobold but does no damage.
You shoot an arrow.
The arrow hits the kobold but does no damage.
The kobold misses you.
You shoot an arrow. The arrow hits the kobold!
You kill the kobold!
You shoot an arrow.
The arrow closely misses the kobold brigand.
The arrow closely misses the kobold.
The kobold brigand hits you with a +0 short sword.
You shoot an arrow.
The arrow hits the kobold brigand but does no damage.
The kobold brigand hits you but does no damage.
You shoot an arrow. The arrow hits the kobold brigand!
The kobold brigand is moderately wounded.
The kobold brigand barely misses you.
You shoot an arrow.
The arrow hits the kobold brigand but does no damage.
The kobold brigand is moderately wounded.
The kobold brigand hits you with a +0 short sword.
You shoot an arrow. The arrow hits the kobold brigand.
The kobold brigand is heavily wounded.
The kobold brigand barely misses you.
You shoot an arrow. The arrow hits the kobold brigand.
The kobold brigand is heavily wounded.
The kobold brigand barely misses you.
You shoot an arrow. The arrow hits the kobold brigand!
You kill the kobold brigand!
The kobold throws a stone.
The stone barely misses you.
You shoot an arrow.
The arrow hits the kobold but does no damage.
You shoot an arrow.
The arrow hits the kobold but does no damage.
The kobold hits you but does no damage.
You shoot an arrow. The arrow hits the kobold!
You kill the kobold!
No target in view!
Items here: (( ))) †.
Search for what [Enter for "dag", or ? for help]? cur Unknown command.
Unknown command.
Unknown command.
Unknown command.
D - a curare-tipped dart
There is an open door, spattered with blood here.
Things that are here:
4 stones; a +0 club; a +0 whip You open the door.
There is an open door here.
An ufetubus comes into view.
An ufetubus is nearby!
An ufetubus is nearby!
You shoot an arrow. The arrow hits the ufetubus!
You kill the ufetubus!
No target in view!
A scorpion comes into view.
A scorpion is nearby!
You shoot an arrow. The arrow hits the scorpion.
The scorpion is lightly wounded.
You shoot an arrow. The arrow closely misses the scorpion.
You shoot an arrow. The arrow hits the scorpion.
The scorpion is heavily wounded.
You shoot an arrow. The arrow hits the scorpion!
You kill the scorpion!
Found a dagger.
Found a stone staircase leading down.
A white imp comes into view.
You shoot an arrow. The arrow hits the white imp!
The white imp shouts, "Scamper home, thou craven shard-borne clack-dish!"
The white imp is almost dead.
You shoot an arrow. The arrow hits the white imp.
You kill the white imp!
As you open the large door, it creaks loudly!
Found a basalt altar of Yredelemnul.
Found an escape hatch in the floor.
There is an open door here.
A kobold comes into view. It is wielding a +0 club.
A kobold is nearby!
You shoot an arrow. The arrow barely misses the kobold.
The kobold shouts!
You shoot an arrow. The arrow hits the kobold.
You kill the kobold!
No target in view!
As you open the door, it creaks loudly!
A hound comes into view.
The hound barks!
You hear a shout!
A hound is nearby!
A hound is nearby!
You shoot an arrow.
The arrow hits the hound but does no damage.
You shoot an arrow. The arrow barely misses the hound.
The hound bites you.
A kobold comes into view. It is wielding a +1 dagger of draining.
You shoot an arrow. The arrow barely misses the hound.
The hound misses you.
A shadow imp comes into view.
The hound bites you.
You shoot an arrow.
The shadow imp shouts, "Go and return not, thou feeble onion-eyed varlet!"
The arrow hits the hound!
The hound is severely wounded.
The hound bites you but does no damage.
The shadow imp grinds its teeth.
The hound bites you but does no damage.
You shoot an arrow. The arrow closely misses the hound.
The hound barely misses you.
You shoot an arrow. The arrow hits the hound!
You kill the hound!
The kobold attacks as you move away! The kobold hits you but does no damage.
You feel drained. The kobold attacks as you move away!
The kobold hits you with a +1 dagger of draining.
You feel drained. The kobold attacks as you move away!
The kobold hits you but does no damage.
You feel drained.
There is an open door here.
The kobold attacks as you move away! The kobold closely misses you.
You shoot an arrow. The arrow hits the kobold.
The kobold is severely wounded.
The kobold hits you with a +1 dagger of draining.
You feel drained.
You shoot an arrow. The arrow hits the kobold!
You kill the kobold!
You have reached level 8!
You shoot an arrow. The arrow hits the shadow imp!
The shadow imp is almost dead.
The shadow imp gestures at you. Pain shoots through your body!
You shoot an arrow.
The arrow closely misses the shadow imp.
The shadow imp hits you.
You shoot an arrow. The arrow hits the shadow imp!
You kill the shadow imp!
HP restored.
Things that are here:
a +1 dagger of draining; a kobold corpse A kobold brigand comes into view.
It is wielding a +2 whip of draining and quivering poisoned darts.
A kobold brigand is nearby!
A kobold brigand is nearby!
You shoot an arrow. The kobold brigand shouts!
The arrow hits the kobold brigand but does no damage.
The kobold brigand throws a poisoned dart.
The poisoned dart barely misses you.
You shoot an arrow.
The arrow closely misses the kobold brigand.
You shoot an arrow.
The arrow barely misses the kobold brigand.
The kobold brigand throws a poisoned dart.
The poisoned dart closely misses you.
You shoot an arrow. The arrow hits the kobold brigand.
The kobold brigand is moderately wounded.
A scorpion comes into view.
You shoot an arrow. The arrow hits the scorpion.
The scorpion is moderately wounded.
You shoot an arrow. The arrow hits the scorpion!
The scorpion is severely wounded.
The scorpion misses you. The scorpion attacks as you move away!
The scorpion stings you. The scorpion barely misses you.
Unknown command.
You shoot an arrow. The arrow hits the scorpion!
You kill the scorpion!
You shoot an arrow. The arrow hits the kobold brigand.
The kobold brigand is lightly wounded.
The kobold brigand hits you but does no damage.
You feel drained.
You shoot an arrow. The arrow hits the kobold brigand!
The kobold brigand is heavily wounded.
The kobold brigand hits you with a +2 whip of draining.
You feel drained.
You shoot an arrow. The arrow hits the kobold brigand!
You kill the kobold brigand!
Your Ranged Weapons skill increases to level 10!
You now have 388 gold pieces (gained 9).
Items here: ( ) ††.
i - 5 murky inky potions (gained 2)
Found a stone staircase leading down.
There is a stone staircase leading down here.
There is a stone staircase leading down here.
Found a dagger.
You see here a +0 dagger.
You now have 393 gold pieces (gained 5).
You see here a +0 dagger.
There is an open door here.
You open the door.
There is an open door here.
You see here 2 stones.
An iguana comes into view.
The iguana hisses angrily.
An iguana is nearby!
An iguana is nearby!
You shoot an arrow. The arrow hits the iguana.
The iguana is lightly wounded.
You shoot an arrow. The arrow hits the iguana!
The iguana is severely wounded.
You shoot an arrow. The arrow barely misses the iguana.
You shoot an arrow. The arrow hits the iguana!
You kill the iguana!
Your life force feels restored.
You see here an iguana corpse.
An orc wizard comes into view. It is wielding a +0 dagger.
An orc wizard is nearby!
An orc wizard is nearby!
You shoot an arrow. The arrow hits the orc wizard!
The orc wizard is heavily wounded.
You shoot an arrow.
The arrow closely misses the orc wizard.
The orc wizard gestures at you while chanting.
The magic dart hits you!
You shoot an arrow. The arrow misses the orc wizard.
You shoot an arrow.
The arrow closely misses the orc wizard.
You shoot an arrow.
The arrow closely misses the orc wizard.
You shoot an arrow. The arrow hits the orc wizard!
You kill the orc wizard!
An orc comes into view. It is wielding a +0 short sword.
The orc shouts!
You hear a shout!
An orc is nearby!
You shoot an arrow. The arrow hits the orc!
You kill the orc!
An orc comes into view. It is wielding a +0 war axe.
You shoot an arrow. The arrow hits the orc.
The orc is severely wounded.
You shoot an arrow.
The arrow hits the orc but does no damage.
The orc is severely wounded.
An orc wizard comes into view. It is wielding a +0 dagger.
You shoot an arrow. The orc wizard shouts!
The arrow hits the orc!
You kill the orc!
You shoot an arrow. The arrow misses the orc wizard.
You shoot an arrow. The arrow hits the orc wizard!
The orc wizard is heavily wounded.
The orc wizard casts a spell.
The orc wizard flickers and vanishes!
Deactivating autopickup; reactivate with Ctrl-A.
No target in view!
Fire: a) +0 shortbow
Press: ? - help, Q - select action, (/) - cycle Shift-Dir - straight line You shoot an arrow.
Fire: a) +0 shortbow
Press: ? - help, Q - select action, (/) - cycle Shift-Dir - straight line You shoot an arrow.
Reactivating autopickup.
You feel a bit more experienced.
Fire: a) +0 shortbow
Press: ? - help, Q - select action, (/) - cycle Shift-Dir - straight line, f - you
Okay, then.
Unknown command.
Unknown command.
Things that are here:
a +0 dagger; a +0 robe You now have 399 gold pieces (gained 6).
An iguana comes into view.
An iguana is nearby!
An iguana is nearby!
You shoot an arrow. The arrow hits the iguana!
The iguana hisses angrily.
The iguana is heavily wounded.
You shoot an arrow. The arrow barely misses the iguana.
You shoot an arrow. The arrow closely misses the iguana.
You shoot an arrow. The arrow hits the iguana.
The iguana is heavily wounded.
You shoot an arrow. The arrow hits the iguana.
The iguana is almost dead.
You shoot an arrow.
The arrow hits the iguana but does no damage.
The iguana is almost dead.
You shoot an arrow. The arrow hits the iguana.
You kill the iguana!
You open the door.
There is an open door here.
There is an open door here.
You open the door.
There is an open door here.
You open the door.
There is an open door here.
Found a stone staircase leading down.
You now have 407 gold pieces (gained 8).
E - a scroll labelled GAL QUICHO
i - 6 murky inky potions (gained 1) Done exploring.
Done exploring.
Done exploring.
Done exploring.
(D) Dungeon (T) Temple
Where to? (Enter - D:6, ? - help)
You open the door.
There is an open door here.
There is an open door here.
There is a stone staircase leading down here.
You climb downwards.
Found a scroll labelled BIYRUU TIMU.
There is a stone staircase leading up here.
A bullfrog is nearby!
You shoot an arrow. The arrow hits the bullfrog.
The bullfrog croaks.
The bullfrog is lightly wounded.
You hear a shout!
You shoot an arrow. The arrow hits the bullfrog.
The bullfrog is moderately wounded.
You hear a shout! x2
An orc wizard comes into view. It is wielding a +0 dagger.
You shoot an arrow. The arrow hits the bullfrog!
The bullfrog is almost dead.
An orc warrior comes into view. It is wielding a +0 trident.
An orc wizard comes into view. It is wielding a +0 dagger.
Fire: a) +0 shortbow
Press: ? - help, Q - select action, (/) - cycle Shift-Dir - straight line, f - orc wizard, p - bullfrog
Aim: an orc wizard, wielding a +0 dagger and wearing a +0 robe (63% to hit)
You shoot an arrow.
The arrow closely misses the orc wizard.
The orc wizard gestures wildly while chanting.
The orc wizard flickers and vanishes!
Deactivating autopickup; reactivate with Ctrl-A.
The bullfrog misses you.
Fire: a) +0 shortbow
Press: ? - help, Q - select action, (/) - cycle Shift-Dir - straight line, f - orc warrior, p - orc wizard
Aim: an orc warrior, wielding a +0 trident and wearing a +0 plate armour (69% to hit)
You shoot an arrow. The arrow hits the bullfrog.
The bullfrog is almost dead.
The bullfrog hits you.
Fire: a) +0 shortbow
Press: ? - help, Q - select action, (/) - cycle Shift-Dir - straight line, f/p - orc warrior
Aim: an orc warrior, wielding a +0 trident and wearing a +0 plate armour (69% to hit)
You shoot an arrow. The arrow hits the bullfrog!
You kill the bullfrog!
A puff of flame appears from out of thin air!
The puff of flame hits you. The orc wizard closely misses you.
You climb upwards.
Reactivating autopickup.
There is a stone staircase leading down here.
Fire: a) +0 shortbow
Press: ? - help, Q - select action, (/) - cycle Shift-Dir - straight line, f - orc wizard
Aim: an orc wizard, wielding a +0 dagger and wearing a +0 robe (63% to hit)
You shoot an arrow.
The arrow hits the orc wizard but does no damage.
The orc wizard hits you but does no damage.
Fire: a) +0 shortbow
Press: ? - help, Q - select action, (/) - cycle Shift-Dir - straight line, f/p - orc wizard
Aim: an orc wizard, wielding a +0 dagger and wearing a +0 robe (63% to hit)
You shoot an arrow.
The arrow hits the orc wizard but does no damage.
The orc wizard closely misses you.
Fire: a) +0 shortbow
Press: ? - help, Q - select action, (/) - cycle Shift-Dir - straight line, f/p - orc wizard
Aim: an orc wizard, wielding a +0 dagger and wearing a +0 robe (63% to hit)
You shoot an arrow. The arrow hits the orc wizard!
The orc wizard is almost dead.
The orc wizard mumbles some strange words.
The orc wizard flickers and vanishes!
Deactivating autopickup; reactivate with Ctrl-A.
Fire: a) +0 shortbow
Press: ? - help, Q - select action, (/) - cycle Shift-Dir - straight line, f - you Really target yourself?
Okay, then.
Fire: a) +0 shortbow
Press: ? - help, Q - select action, (/) - cycle Shift-Dir - straight line You shoot an arrow.
Reactivating autopickup.
You feel a bit more experienced.
Things that are here:
a +0 dagger; a +0 robe; an orc corpse
There is an open door here.
You see here a +0 club.
There is an open door here.
You see here a +1 dagger of draining.
HP restored.
You see here a +0 dagger.
There is a stone staircase leading down here.
You climb downwards.
There is a stone staircase leading up here.
A scorpion comes into view.
A scorpion is nearby!
You shoot an arrow. The arrow hits the scorpion.
The scorpion is lightly wounded.
You shoot an arrow. The arrow hits the scorpion.
The scorpion is moderately wounded.
You shoot an arrow. The arrow hits the scorpion.
The scorpion is moderately wounded.
You shoot an arrow. The arrow hits the scorpion!
The scorpion is almost dead.
The scorpion closely misses you.
You shoot an arrow. The arrow hits the scorpion.
The scorpion is almost dead.
The scorpion stings you.
You shoot an arrow. The arrow hits the scorpion.
You kill the scorpion!
Search for what [Enter for "cur", or ? for help]? ranged Unknown command.
Unknown command.
Unknown command.
HP restored.
There is a stone staircase leading up here. 3 wights come into view.
There are monsters nearby!
There are monsters nearby!
Fire: a) +0 shortbow
Press: ? - help, Q - select action, (/) - cycle Shift-Dir - straight line, f - wight
Aim: a wight, wielding a +3 hand axe and wearing a +0 robe (dormant, 98% to hit)
You shoot an arrow.
The arrow hits the wight but does no damage.
There is a stone staircase leading up here.
You climb upwards.
There is a stone staircase leading down here.
You see here a +1 dagger of draining.
There is an open door here.
You see here a +0 club.
There is an open door here.
Things that are here:
a +0 robe; a +0 dagger; an orc corpse
There is a stone staircase leading down here.
Done exploring.
You hear the crackle of electricity.
b - a +4 dagger of electrocution (weapon)
You climb downwards.
There is a stone staircase leading up, spattered with blood here.
Your +4 dagger of electrocution stops crackling.
a - a +0 shortbow (weapon)
F - a scroll labelled BIYRUU TIMU
Found a dagger. 2 gnolls come into view.
You shoot an arrow. The arrow hits the gnoll!
You kill the gnoll!
The gnoll shouts!
You hear a howl! x2; You hear a shout!
A gnoll comes into view. It is wielding a +0 club.
Fire: a) +0 shortbow
Press: ? - help, Q - select action, (/) - cycle Shift-Dir - straight line, f - gnoll
Aim: a gnoll, wielding a +0 flail (72% to hit)
You shoot an arrow. The arrow barely misses the gnoll.
You hear a shout!
You hear a howl!
You hear a shout!
Fire: a) +0 shortbow
Press: ? - help, Q - select action, (/) - cycle Shift-Dir - straight line, f/p - gnoll
Aim: a gnoll, wielding a +0 flail (72% to hit)
You shoot an arrow. The arrow hits the gnoll!
The gnoll is heavily wounded.
You hear a shout!
Fire: a) +0 shortbow
Press: ? - help, Q - select action, (/) - cycle Shift-Dir - straight line, f/p - gnoll
Aim: a gnoll, wielding a +0 flail (heavily wounded, 72% to hit)
You shoot an arrow. The arrow hits the gnoll!
You kill the gnoll!
You hear a shout!
You hear a howl!
You hear a loud, deep croak!
Fire: a) +0 shortbow
Press: ? - help, Q - select action, (/) - cycle Shift-Dir - straight line, f - gnoll
Aim: a gnoll, wielding a +0 club (72% to hit)
You shoot an arrow. The arrow hits the gnoll!
The gnoll is severely wounded.
Fire: a) +0 shortbow
Press: ? - help, Q - select action, (/) - cycle Shift-Dir - straight line, f/p - gnoll
Aim: a gnoll, wielding a +0 club (severely wounded, 72% to hit)
You shoot an arrow.
The arrow hits the gnoll but does no damage.
The gnoll is severely wounded.
Fire: a) +0 shortbow
Press: ? - help, Q - select action, (/) - cycle Shift-Dir - straight line, f/p - gnoll
Aim: a gnoll, wielding a +0 club (severely wounded, 72% to hit)
You shoot an arrow. The arrow hits the gnoll.
You kill the gnoll!
A gnoll sergeant comes into view. It is wielding a +0 spear.
A howler monkey comes into view.
The howler monkey hoots and howls with incredible vigour!
You hear an angry hiss.
You hear a shout!
Things that are here:
a +0 club; a gnoll corpse
There are monsters nearby!
There are monsters nearby!
A wight comes into view. It is wielding a +0 long sword.
You shoot an arrow. The arrow barely misses the wyvern.
The wyvern hisses angrily.
The wyvern bites you!
The gnoll sergeant hits you from afar with a +0 spear!
Okay, then.
Okay, then.
You aren't carrying any items that you can evoke.
The wyvern bites you!
* * * LOW HITPOINT WARNING * * *
You feel much better.
The wyvern bites you but does no damage.
It was a potion of mutation.
You feel extremely strange.
You feel your magical essence link to the dungeon's wands.
You feel agile.
You feel frail.
You feel more energetic.
The wyvern hisses menacingly.
The wyvern closely misses you. The wyvern misses you.
A wight comes into view. It is wielding a +4 falchion.
Unknown command.
Okay, then.
Unknown command.
As you read the scroll labelled YNOAVA DOCKIRCHA, it crumbles to dust.
You feel aware of your surroundings.
You sensed 1 altar.
It was a scroll of magic mapping.
The wyvern bites you! The wight hits you with a +4 falchion!
As you read the scroll labelled OCKUBL ABEIHOT, it crumbles to dust.
You hear a loud clanging noise!
It was a scroll of noise.
You hear a howl! x3; You hear a shout!
You hear a howl!
The wyvern bites you. The wyvern bites you!
* * * LOW HITPOINT WARNING * * *
The wight closely misses you.
As you read the scroll labelled NIDAFA FECHO, it crumbles to dust.
A profound silence engulfs you.
It was a scroll of silence.
The wyvern bites you!
* * * LOW HITPOINT WARNING * * *
The wight hits you with a +4 falchion.
* * * LOW HITPOINT WARNING * * *
You feel drained.
You die...

*,********************,,,,,
*,********### ****,,,**
*,,,,,,,,,..# *,,,***,,
#.********#.# *,,** **, #.#
#.# *,,* *, #.# ##z## *,,**
**, #.# #####.#.####
*,,,###,* #.# #...z###g..#
*,,g..,** #.# #.###@#.##.#
*,..#***
#.####.####l###.###...# **
#...........# #.)).h..# *,
#..###.###### ####....#***,
##.....# *.......,, #..####
*##..###*, #..# *..#***,
#..# *********,.).,,, #..#
*,,,,,,,,,,.##**


You could see a wyvern and a wight.

Vanquished Creatures
  A sky beast (D:5)
  An ogre (D:4)
  A lemure (D:5)
  3 phantoms
  3 kobold brigands
  3 bullfrogs
  4 scorpions
  A howler monkey (D:4)
  3 hounds
  An iron imp (D:4)
  Jessica (D:3)
  3 iguanas (D:6)
  3 orc wizards (D:6)
  Robin (D:3)
  4 adders
  3 gnolls (D:7)
  A river rat (D:3)
  2 shadow imps
  A white imp (D:6)
  An ufetubus (D:6)
  2 worms (D:2)
  4 dart slugs
  10 orcs
  8 endoplasms
  3 giant cockroaches
  14 goblins
  11 hobgoblins
  8 jackals
  4 quokkas
  4 ball pythons
  7 bats
  5 frilled lizards
  15 kobolds
  8 rats
144 creatures vanquished.

Notes
Turn   | Place    | Note
-------+----------+-------------------------------------------
     0 | D:1      | sleeves the Demigod Hunter began the quest for the Orb.
     0 | D:1      | Reached XP level 1. HP: 17/17 MP: 3/3
     1 | D:1      | Found a runed translucent door.
   175 | D:1      | Reached skill level 4 in Ranged Weapons
   202 | D:1      | Reached XP level 2. HP: 24/24 MP: 4/4
   639 | D:2      | Reached XP level 3. HP: 24/29 MP: 5/5
   986 | D:2      | Reached skill level 5 in Ranged Weapons
  1358 | D:3      | Noticed Jessica
  1361 | D:3      | Killed Jessica
  1362 | D:3      | Reached XP level 4. HP: 36/36 MP: 6/6
  1371 | D:3      | Noticed Robin
  1516 | D:3      | Killed Robin
  1654 | D:3      | Reached skill level 6 in Ranged Weapons
  1660 | D:3      | Reached XP level 5. HP: 41/41 MP: 7/7
  1903 | D:3      | Found a glowing drain.
  1907 | Sewer    | Entered a sewer
  1981 | Sewer    | HP: 16/41 [kobold brigand/+0 short sword (8)]
  1987 | Sewer    | HP: 11/41 [jackal (2)]
  2387 | D:4      | Reached skill level 7 in Ranged Weapons
  2387 | D:4      | Reached XP level 6. HP: 33/48 MP: 8/8
  2745 | D:4      | HP: 19/48 [iron imp (8)]
  3409 | D:5      | Entered Level 5 of the Dungeon
  3561 | D:5      | Reached skill level 8 in Ranged Weapons
  3621 | D:5      | HP: 21/48 [something (5)]
  3626 | D:5      | HP: 20/48 [something (6)]
  3628 | D:5      | Reached XP level 7. HP: 22/53 MP: 9/9
  3835 | D:5      | Found a staircase to the Ecumenical Temple.
  3947 | D:5      | HP: 26/53 [lemure[Pikel] (7)]
  4106 | D:5      | Noticed Pikel
  4667 | D:6      | Reached skill level 9 in Ranged Weapons
  5063 | D:6      | Reached XP level 8. HP: 52/56 MP: 10/10
  5175 | D:6      | Reached skill level 10 in Ranged Weapons
  5837 | D:7      | HP: 21/60 [wyvern (17)]
  5839 | D:7      | Gained mutation: You expend magic power (3 MP) to
                  | strengthen your wands. [potion of mutation]
  5839 | D:7      | Gained mutation: You are agile. (Dex +4, Str/Int -1)
                  | [potion of mutation]
  5839 | D:7      | Gained mutation: You are frail. (-10% HP) [potion of
                  | mutation]
  5839 | D:7      | Gained mutation: You have a considerably increased
                  | reservoir of magic. (+20% MP) [potion of mutation]
  5842 | D:7      | HP: 9/54 [wyvern (9)]
  5842 | D:7      | HP: 3/54 [wight/+4 falchion (6)]
  5842 | D:7      | Slain by a wight

Illustrated notes

Levels and vault maps discovered:
D:1:      dpeg_arrival_caged_fury, layout_rooms, reono_crystal_passage
D:2:      layout_rooms
D:3:      layout_rooms, tso_oasis_becter, gup_sewer_entry_spiral, uniq_jessica,
          uniq_robin
D:4:      layout_basic, chei_slow_surprise
D:5:      layout_loops_corners, minmay_temple_entry_waves, uniq_grinder,
          uniq_pikel
D:6:      layout_loops_corners, general_overflow_altar,
          nicolae_overflow_hidden_temple
D:7:      layout_loops_ring, mainiacjoe_overflow_concentric_impassable

Skill      XL: |  1  2  3  4  5  6  7  8 |
---------------+-------------------------+-----
Ranged Weapons | 4 5 6 7 8 9 10 | 10.6
Fighting       | |  1.7
Long Blades    | |  0.7
Dodging        | |  1.7
Stealth        | |  0.8

Action                   |  1- 3 |  4- 6 |  7- 9 || total
-------------------------+-------+-------+-------++-------
Melee: Dagger            |       |    77 |    20 ||    97
       Punch             |       |     3 |       ||     3
 Fire: Shortbow          |   173 |   121 |   140 ||   434
  Use: Potion            |       |     1 |     2 ||     3
       Scroll            |       |       |     3 ||     3
Armor: Leather armour    |    25 |    24 |    13 ||    62
Dodge: Dodged            |    60 |    60 |    24 ||   144

Table legend: (Time is in decaauts)
 A = Elapsed time spent in this place.
 B = Non-inter-level travel time spent in this place.
 C = Inter-level travel time spent in this place.
 D = Time resting spent in this place.
 E = Time spent auto-exploring this place.
 F = Levels seen in this place.
 G = Mean time per level.
                   A        B        C        D        E       F      G
               +--------+--------+--------+--------+--------+-----+--------+
         Total |   5984 |   5678 |    306 |    264 |   4212 |   8 |  748.0 |
       Dungeon |   5697 |   5391 |    306 |    155 |   4087 |   7 |  813.9 |
         Sewer |    287 |    287 |      0 |    109 |    125 |   1 |  287.0 |
               +--------+--------+--------+--------+--------+-----+--------+

Top non-repeatable levels by time:
     D:4: 1188 daAuts
     D:5: 1176 daAuts
     D:6: 1160 daAuts
     D:3: 763 daAuts
     D:2: 668 daAuts
     D:1: 643 daAuts
   Sewer: 287 daAuts
     D:7: 97 daAuts
